 Dungeon Crawl Stone Soup version 0.18-a0-74-gda9d8c9 (webtiles) character file.

2117 Duffy the Thaumaturge (level 9, 0/43 HPs)
             Began as a Spriggan Earth Elementalist on Nov 11, 2015.
             Was a Follower of Dithmenos.
             Slain by an orc priest
             ... wielding a +0 dagger
              (2 damage)
             ... on level 8 of the Dungeon.
             The game lasted 00:16:39 (9238 turns).

Duffy the Thaumaturge (Spriggan Earth Elementalist) Turns: 9238, Time: 00:16:40

Health: 0/43       AC:  3    Str:  4    XL:     9   Next: 8%
Magic:  13/22      EV: 23    Int: 19    God:    Dithmenos [*.....]
Gold:   289        SH:  0    Dex: 17    Spells: 6 memorised, 7 levels left

rFire  + . .     SeeInvis +     b - 285 stones
rCold  . . .     Clarity  .     A - +1 robe {rF+}
rNeg   + . .     SustAt   .     (shield restricted)
rPois  .         Gourm    .     (helmet restricted)
rElec  .         Spirit   .     (no cloak)
rCorr  .         Warding  .     (gloves unavailable)
rMut   .         Stasis   .     (boots unavailable)
MR     +....                    (no amulet)
Stlth  +++.......               z - +5 ring of evasion
                                i - ring of positive energy

@: wreathed by umbra, very quick, somewhat resistant to hostile enchantments,
fairly stealthy
A: unfitting armour, see invisible, herbivore 3, speed 3, slow metabolism 2
a: Renounce Religion


You were on level 8 of the Dungeon.
You worshipped Dithmenos.
Dithmenos was aware of your devotion.
You were not hungry.

You visited 1 branch of the dungeon, and saw 8 of its levels.
You also visited: Sewer.

You collected 347 gold pieces.
You spent 58 gold pieces at shops.


Innate Abilities, Weirdness & Mutations

You are tiny and cannot use many weapons and most armour.
You have supernaturally acute eyesight.
You are a herbivore.
You cover ground extremely quickly.
You need consume almost no food.


   Skills:
 - Level 2.5 Fighting
 - Level 3.0 Dodging
 - Level 3.0 Stealth
 - Level 8.5 Spellcasting
 + Level 2.3 Conjurations
 - Level 1.3 Transmutations
 + Level 8.4 Earth Magic


You had 7 spell levels left.
You knew the following spells:

 Your Spells              Type           Power        Failure   Level  Hunger
a - Sandblast             Erth           #####.       1%          1    None
c - Stone Arrow           Conj/Erth      ####..       2%          3    None
d - Lee's Rapid Deconstr  Erth           #####.....   10%         5    #####..
e - Petrify               Trmt/Erth      ####....     12%         4    ###....
w - Stoneskin             Trmt/Erth      ####....     1%          2    None
P - Passwall              Trmt/Erth      ####......   3%          3    None

Inventory:

Hand Weapons
 a - a +2 spear of venom
 D - a +1 dagger of venom
Missiles
 b - 285 stones (in hand)
 f - 10 poisoned tomahawks (quivered)
 t - 6 poisoned needles
 u - 4 throwing nets
 C - 11 tomahawks
Armour
 A - a +1 robe of fire resistance (worn)
 O - a steam dragon hide
Jewellery
 i - a ring of positive energy (left hand)
 z - a +5 ring of evasion (right hand)
 B - an uncursed ring of flight
 K - a -3 ring of strength
Scrolls
 e - a scroll of blinking {unknown}
 j - 5 scrolls of teleportation
 l - 6 scrolls of remove curse
 m - 2 scrolls of enchant weapon
 r - 5 scrolls of fear
 v - a scroll of amnesia
 w - 2 scrolls of fog
 y - a scroll of magic mapping {unknown}
 F - a scroll of recharging {unknown}
 H - a scroll of random uselessness {unknown}
 M - a scroll of acquirement {unknown}
 N - a scroll of enchant armour {unknown}
Potions
 g - a potion of invisibility {unknown}
 h - a potion of magic {unknown}
 k - 2 potions of haste {unknown}
 o - 3 potions of lignification
 p - 4 potions of curing
 q - 2 potions of heal wounds
 s - 3 potions of degeneration
 x - a potion of cure mutation {unknown}
 E - 2 potions of flight
 G - 3 potions of might
Books
 c - a book of Geomancy
 n - a book of Death
 I - a book of Changes
 J - a Fen Folio
Comestibles
 d - 10 bread rations
 L - 2 fruits

Dungeon Overview and Level Annotations

Branches:
Dungeon (8/15)             Temple (0/1) D:6
   Lair: D:8-11

Altars:
Dithmenos
Fedhas
Makhleb
Nemelex Xobeh
Vehumet
Xom
Yredelemnul

Shops:
D:6 :   D:7 [[*

Annotations:
D:6 exclusion: oklob plant
D:8 Uberwunderbarhen's ghost, novice OpFi


Message History

Press: ? - help, Shift-Dir - straight line, f - necrophage
Aim: a necrophage The rocky blast misses the necrophage.
Cast which spell? (? or * to list)
Aiming: Sandblast
Press: ? - help, Shift-Dir - straight line, f/p - necrophage
Aim: a necrophage (umbra)
The rocky blast hits the necrophage.
The necrophage is lightly damaged.
The orc priest calls down the wrath of Beogh upon you.
Something smites you! The necrophage closely misses you.
Cast which spell? (? or * to list)
Aiming: Sandblast
Press: ? - help, Shift-Dir - straight line, f/p - necrophage
Aim: a necrophage (lightly damaged, umbra)
The rocky blast hits the necrophage.
The necrophage is severely damaged.
The orc priest calls down the wrath of Beogh upon you.
Something smites you! The orc priest misses you.
The necrophage closely misses you.
Cast which spell? (? or * to list)
Aiming: Sandblast
Press: ? - help, Shift-Dir - straight line, f/p - necrophage
Aim: a necrophage (severely damaged, umbra)
The rocky blast misses the necrophage.
The necrophage misses you. The hungry ghost closely misses you.
Cast which spell? (? or * to list)
Aiming: Sandblast
Press: ? - help, Shift-Dir - straight line, f/p - necrophage
Aim: a necrophage (severely damaged, umbra)
The rocky blast hits the necrophage.
You destroy the necrophage!
Dithmenos accepts your kill. The orc priest hits you with a dagger.
You die...

#..######......#
##..##..##......#
#...............#
#...............#
#...............#
#######'##......#
#..##..##......#
.'..............#
.#.......@W.....#
#..##..##oo.....
#.. ##'# .......
... ... .?....#
.. #... ......#
#... ....... #..
....... ####.##


You could see a hungry ghost and 2 orc priests.

Action                   |  1- 3 |  4- 6 |  7- 9 || total
-------------------------+-------+-------+-------++-------
Melee: Spear             |       |   143 |   158 ||   301
 Cast: Sandblast         |    89 |    34 |    77 ||   200
  Use: Scroll            |     1 |     1 |    12 ||    14
 Stab: Sleeping          |       |    13 |     9 ||    22
       Distracted        |       |     1 |       ||     1
  Eat: Fruit             |       |     2 |       ||     2
       Pizza             |       |       |     2 ||     2

Notes
Turn   | Place    | Note
--------------------------------------------------------------
     0 | D:1      | Duffy the Spriggan Earth Elementalist began the quest for the Orb.
     0 | D:1      | Reached XP level 1. HP: 9/9 MP: 5/5
   214 | D:1      | Reached skill level 3 in Spellcasting
   305 | D:1      | Reached skill level 3 in Earth Magic
   305 | D:1      | Reached XP level 2. HP: 13/13 MP: 2/7
  1016 | D:1      | Reached XP level 3. HP: 16/16 MP: 3/9
  1280 | D:2      | Learned a level 2 spell: Stoneskin
  1284 | D:2      | Learned a level 3 spell: Passwall
  1288 | D:2      | Learned a level 3 spell: Stone Arrow
  1302 | D:2      | Found a basalt altar of Yredelemnul.
  1619 | D:2      | Reached skill level 4 in Spellcasting
  1783 | D:2      | Reached XP level 4. HP: 15/21 MP: 2/11
  2059 | D:2      | Noticed Ijyb
  2073 | D:2      | Killed Ijyb
  2073 | D:2      | Reached skill level 4 in Earth Magic
  2490 | D:3      | Reached XP level 5. HP: 24/24 MP: 8/13
  2610 | D:3      | Reached skill level 5 in Spellcasting
  2937 | D:3      | Reached skill level 1 in Fighting
  3382 | D:3      | Found a glowing drain.
  3400 | Sewer    | Entered a sewer
  3536 | Sewer    | Reached XP level 6. HP: 30/30 MP: 14/14
  3699 | Sewer    | Reached skill level 2 in Fighting
  3865 | Sewer    | Found a white marble altar of Elyvilon.
  4311 | D:4      | Reached skill level 5 in Earth Magic
  4442 | D:4      | Found a shadowy altar of Dithmenos.
  4469 | D:4      | Found a shimmering altar of Xom.
  4648 | D:4      | Reached XP level 7. HP: 35/35 MP: 10/15
  5171 | D:5      | Entered Level 5 of the Dungeon
  5227 | D:4      | Reached skill level 6 in Earth Magic
  5367 | D:4      | Became a worshipper of Dithmenos the Shadowed
  6130 | D:5      | Reached skill level 6 in Spellcasting
  6748 | D:6      | Found Her Ytee's Book Shoppe.
  6837 | D:5      | Found a burning altar of Makhleb.
  7018 | D:6      | Reached XP level 8. HP: 26/39 MP: 19/19
  7158 | D:6      | Reached skill level 7 in Spellcasting
  7205 | D:6      | Found a staircase to the Ecumenical Temple.
  7226 | D:6      | Reached * piety under Dithmenos
  7226 | D:6      | Reached skill level 7 in Earth Magic
  7844 | D:6      | Found a blossoming altar of Fedhas.
  7860 | D:6      | Noticed an oklob plant
  8090 | D:7      | Found a sparkling altar of Nemelex Xobeh.
  8281 | D:7      | Noticed Prince Ribbit
  8292 | D:7      | Killed Prince Ribbit
  8292 | D:7      | Reached skill level 8 in Spellcasting
  8470 | D:7      | Found Faaman's Antique Armour Shop.
  8547 | D:7      | Found Ucsotits's General Store.
  8552 | D:7      | Bought a scroll of identify for 26 gold pieces
  8552 | D:7      | Bought a potion of mutation for 32 gold pieces
  8603 | D:7      | Learned a level 4 spell: Petrify
  8609 | D:7      | Learned a level 5 spell: Lee's Rapid Deconstruction
  8690 | D:7      | Found a radiant altar of Vehumet.
  8762 | D:7      | Found Hocyub's Armour Boutique.
  8987 | D:8      | Reached skill level 1 in Conjurations
  9069 | D:8      | Reached skill level 8 in Earth Magic
  9174 | D:8      | Reached skill level 2 in Conjurations
  9174 | D:8      | Reached XP level 9. HP: 39/43 MP: 17/22
  9225 | D:8      | Noticed Uberwunderbarhen's ghost (novice OpFi)
  9238 | D:8      | Slain by an orc priest

Vault maps used:
D:1:      dpeg_arrival_orchard, nrook_uturn
D:2:      yredelemnul_forgotten_temple_becter, first_bread, uniq_iyjb
D:3:      portal_sewer_entry_d, corner_web_ring
D:4:      xom_teletrap_fun, grunt_dithmenos_smoke
D:5:      nicolae_overflow_hidden_temple
D:6:      tgw_fedhas, minmay_temple_entry_enclosed_plants, serial_shops,
          nicolae_shop_window_shopping, serial_bayou, serial_bayou_crossing,
          serial_bayou_lake_a, serial_bayou_pond_d, serial_bayou_lagoon_a
D:7:      nemelex_xobeh_ov_fountains_minmay, kennysheep_little_box,
          serial_shops, shop, nicolae_shop_window_shopping, kennysheep_mini,
          uniq_prince_ribbit1
D:8:      grunt_temple_overflow_gold_and_silver
Sewer:    sewer_kobolds

Vanquished Creatures
  Prince Ribbit
  A steam dragon
  An ogre
  A sky beast
  A necrophage
  A crocodile
  A big kobold
  3 giant frogs
  2 scorpions
  3 crimson imps
  3 electric eels
  2 giant frog skeletons Ijyb
  3 orc priests
  2 hounds
  A jelly
  5 worker ants
  3 iguanas
  3 orc wizards
  A hound zombie
  12 gnolls
  3 river rats
  8 adders
  2 shadow imps
  5 oozes
  2 worms
  7 giant geckos
  8 orcs
  7 bats
  3 giant cockroaches
  4 hobgoblins
  3 quokkas
  3 ball pythons
  A giant cockroach zombie
  4 giant newts
  8 goblins
  12 jackals
  10 kobolds
  9 rats
  A spectral orc
  A plant
  13 toadstools
165 creatures vanquished.
